 Dungeon Crawl Stone Soup version 0.15.2 (webtiles) character file.

160158 4tharraofdagon the Bludgeoner (level 17, -2/215 HPs)
             Began as an Ogre Abyssal Knight on Jan 20, 2015.
             Was an Initiate of Ashenzari.
             Blown up by an orb spider (50 damage)
             ... with an orb of destruction
             ... on Level 2 of the Spider Nest.
             The game lasted 04:02:33 (27110 turns).

4tharraofdagon the Bludgeoner (OgAK)               Turns: 27110, Time: 04:02:33

HP  -2/215       AC 30     Str 24      XL: 17   Next: 75%
MP  31/33        EV 10     Int 20      God: Ashenzari [......]
Gold 2793        SH 11     Dex  5      Spells:  6 memorised, 15 levels left

rFire  + + .     SeeInvis +     I - +3 eveningstar
rCold  . . .     Clarity  .     Z - melded +3 troll leather armour
rNeg   + . .     rCorr    .     y - +0 shield {AC+3}
rPois  +         rRot     +     G - +3 crown of Dyrovepreva {rElec Int+2 SInv}
rElec  +         Spirit   .     x - +2 cloak of Midsummer {Slay+5}
SustAb .         Warding  .     (gloves unavailable)
rMut   .         Stasis   .     (boots unavailable)
Gourm  .                        r - amulet "Thaof" {+Rage +Fly rF++ SInv}
MR     +....                    s - ring of the Blind Eye {Str+1 Dex-5 Int+4}
                                w - +3 ring of dexterity

@: statue-form, studying Stealth, repel missiles, very slow, somewhat resistant
to hostile enchantments, very unstealthy
A: unfitting armour, dopey 1, mutation resistance 1, (tough skin 0)
a: End Transformation, Renounce Religion, Evoke Berserk Rage, Evoke Flight


You were on level 2 of the Spider Nest.
You worshipped Ashenzari.
Ashenzari was noncommittal.
You were near starving.
You were a stone statue.
You visited 7 branches of the dungeon, and saw 35 of its levels.
You visited the Abyss 5 times.
You also visited: Sewer and Ice Cave.

You collected 3503 gold pieces.
You spent 710 gold pieces at shops.

Inventory:

Hand weapons
 a - the +2 greatsling "Goblinbane" {freeze, Dex+4}
   (You found it on level 1 of the Abyss)

   It turns projectiles fired from it into bolts of frost.
   It affects your dexterity (+4).
 E - a +2 morningstar of holy wrath
 I - a +3 eveningstar (weapon)
 X - a -1 blowgun
Missiles
 q - 12 curare-tipped needles
 J - 14 large rocks (quivered)
Armour
 x - the +2 cloak of Midsummer (worn) {Slay+5}
   (You found it on level 13 of the Dungeon)

   It affects your accuracy and damage with ranged weapons and melee attacks
   (+5).
 y - a +0 shield of protection (worn)
 G - the +3 crown of Dyrovepreva (worn) {rElec Int+2 SInv}
   (You found it on level 1 of the Elven Halls)

   It affects your intelligence (+2).
   It insulates you from electricity.
   It enhances your eyesight.
 L - the +0 cloak of Courage {rC+ MR+}
   (You found it on level 3 of the Elven Halls)

   It protects you from cold.
   It affects your resistance to hostile enchantments.
 U - the +1 shield "Huk Lily" {rC+ Slay+2}
   (You found it on level 2 of the Lair of Beasts)

   It affects your accuracy and damage with ranged weapons and melee attacks
   (+2).
   It protects you from cold.
 Z - a +3 troll leather armour (melded)
Magical devices
 b - a wand of heal wounds (5)
 m - a wand of fire (6)
 Y - a wand of disintegration (3)
Comestibles
 c - 13 meat rations
 f - 18 beef jerkies
 o - 8 bread rations
 H - 2 royal jellies
Scrolls
 l - 4 scrolls of remove curse
 p - 2 scrolls of fog
 t - a scroll of summoning
 C - a scroll of teleportation
 F - a scroll of fear
 Q - 2 scrolls of blinking
Jewellery
 j - an uncursed ring of protection from cold
 k - an uncursed ring of teleportation
 r - the amulet "Thaof" (around neck) {+Rage +Fly rF++ SInv}
   (You found it on level 12 of the Dungeon)

   [amulet of rage]

   It greatly protects you from fire.
   It enhances your eyesight.
   It lets you fly.
   It lets you go berserk.
 s - the ring of the Blind Eye (right hand) {Str+1 Dex-5 Int+4}
   (You bought it in a shop on level 4 of the Orcish Mines)

   [ring of strength]

   It affects your strength (+1).
   It affects your intelligence (+4).
   It affects your dexterity (-5).
 w - a +3 ring of dexterity (left hand)
 D - the ring of Megalomania {Fire Str-4 Int+3}
   (You took it off a deep elf demonologist on level 3 of the Elven Halls)

   [ring of fire]

   It enhances your fire magic, and weakens your ice magic.
   It affects your strength (-4).
   It affects your intelligence (+3).
   It protects you from fire.
   It makes you vulnerable to cold.
 M - an uncursed ring of flight
 R - the macabre finger necklace {Ward rN+}
   (You took it off a deep elf demonologist on level 3 of the Elven Halls)

   [amulet of warding]

   It may prevent the melee attacks of summoned creatures.
   It protects you from negative energy.
Potions
 e - 2 potions of porridge
 h - 2 potions of brilliance
 i - 5 potions of heal wounds
 u - a potion of might
 v - 3 potions of flight
 z - 7 potions of curing
 A - a potion of magic
 B - 2 potions of cancellation
 K - 3 potions of haste
 N - a potion of agility
 T - 6 potions of berserk rage
 V - 4 potions of restore abilities
Books
 P - a Necronomicon {highlevel}

   This book is beyond your current level of understanding.

   Spells                             Type                      Level
   Haunt                              Necromancy/Summoning         7
   Borgnjor's Revivification          Necromancy                   8
   Death's Door                       Charms/Necromancy            8
   Necromutation                      Transmutation/Necromancy     8
 S - a manual of Stealth
Magical staves
 d - an uncursed staff of wizardry
 n - an uncursed staff of energy
Miscellaneous
 g - a phial of floods (inert)
 O - a lamp of fire (inert)
Rods
 W - a +0 rod of ignition (3/9)
   (You found it on level 9 of the Dungeon)


   Skills:
 - Level 10.0 Fighting
   Level 1.1(7.0) Axes
 - Level 17.0 Maces & Flails
 + Level 9.3 Throwing
 - Level 4.0 Armour
 - Level 7.2 Dodging
 - Level 10.0 Shields
 - Level 9.0 Spellcasting
 - Level 3.3 Conjurations
 - Level 7.0 Transmutations
 - Level 3.5 Fire Magic
 * Level 12.6 Earth Magic
   Level 6.1 Invocations
 - Level 5.1 Evocations


You had 15 spell levels left.
You knew the following spells:

 Your Spells              Type           Power        Failure   Level  Hunger
a - Statue Form           Trmt/Erth      #####....    21%         6    ######.
b - Repel Missiles        Chrm/Air       #.....       14%         2    None
c - Conjure Flame         Conj/Fire      ###.....     8%          3    None
d - Blink                 Tloc           N/A          14%         2    None
e - Regeneration          Chrm/Necr      #.........   24%         3    None
f - Spectral Weapon       Hex/Chrm       #.......     24%         3    None


Dungeon Overview and Level Annotations

Branches:
Dungeon (15/15)            Temple (1/1) D:7             Orc (4/4) D:9
    Elf (3/3) Orc:4          Lair (8/8) D:8           Snake (0/5) Lair:5
 Spider (2/5) Lair:4        Slime (0/6) Lair:7       Vaults (0/5) D:13
 Depths (2/5) D:15
  Swamp: Lair:3-6    Shoals: Lair:3-6

Altars:
Ashenzari
Cheibriados
Dithmenos
Elyvilon
Fedhas
Kikubaaqudgha
Makhleb
Nemelex Xobeh
Okawaru
Qazlal
Sif Muna
Trog
Vehumet
Xom
Yredelemnul
Zin
The Shining One
Beogh

Shops:
D:4 (   D:11 *   Orc:4 *%[*   Elf:3 (

Annotations:
D:3 Turgon's ghost, weakling DsGl
Elf:3 Mara


Innate Abilities, Weirdness & Mutations

You are too large for most types of armour.
((You have tough skin (AC +1).))
You are dopey. (Int -2)
You are somewhat resistant to further mutation.


Message History

Gang up on whom?
Press: ? - help, Dir - move target cursor, f - orb spider
Aim: an orb spider Attack!
The orb spider weaves a glowing orb of energy.
Your water elemental closely misses the jumping spider.
Wield which item (- for none, * to show all)? (? for menu, Esc to quit)
I - a +3 eveningstar (weapon)
The jumping spider pounces on you.
* * * LOW HITPOINT WARNING * * *
The jumping spider bites you but does no damage.
Unknown command.
Drink which item? (? for menu, Esc to quit)
You feel much better.
The orb spider begins to weave its threads into a brightly glowing ball.
You block the jumping spider's attack. The jumping spider barely misses you.
The jumping spider pounces on you but does no damage.
The jumping spider bites you but does no damage.
The orb of destruction hits you!
You die...

......##^. #...#.......
.............
.........#^.§.?.
.....s.E#.§.§.#^..
#....#§..E§§......^.
........§..≈≈##.......
..........§.s%%#.......
..^.....#^.8#.%.......#
............###..........
......^^.#..#.......>....#
..#..s^.#...§§§§.s..#....#
.......#......§.##.......
........%..$.§§...........
#.....%.%................
#......%.%..........#>...
.......[..........###..


You could see an orb spider, a jumping spider, a friendly water elemental and a
friendly fire elemental.

Vanquished Creatures
  A tentacled monstrosity (Depths:1)
  2 deep elf master archers (Elf:3)
  A deep elf blademaster (Elf:3)
  A deep elf sorcerer (Elf:3)
  A frost giant (IceCv)
  Maud (Lair:7)
  An orc warlord (Orc:4)
  An emperor scorpion (Depths:1)
  A very ugly thing (Depths:1)
  10 deep elf demonologists (Elf:3)
  4 deep elf annihilators
  Snorg (Orc:2)
  A blizzard demon (Elf:3)
  4 deep elf death magi (Elf:3)
  A fire dragon (Depths:1)
  Josephine (Orc:2)
  An ettin (Orc:4)
  2 deep elf high priests (Elf:3)
  Fannar (D:15)
  A great orb of eyes (Depths:1)
  A ravenous item mimic (Abyss:2)
  4 hydras
  Erica (Orc:1)
  A centaur warrior (Depths:1)
  3 deep troll earth magi (Depths:1)
  An ogre mage (Depths:1)
  A deep troll shaman (Depths:1)
  2 dancing weapons (D:13)
  6 death yaks
  8 orc high priests
  A catoblepas (D:13)
  Nergalle (Lair:4)
  Erolcha (Orc:3)
  5 deep elf knights
  2 orb spiders (Spider:2)
  3 deep trolls (Depths:1)
  A large abomination (Abyss:1)
  4 unseen horrors
  An ice statue (IceCv)
  5 deep elf summoners
  3 orc knights (Orc:4)
  2 hill giants
  A necromancer (D:15)
  3 wizards
  2 wolf spiders
  6 deep elf conjurers
  A manticore (Depths:1)
  A griffon (Lair:5)
  2 orc sorcerers
  4 ugly things (Depths:1)
  3 cyclopes
  Maurice (Orc:3)
  6 black mambas
  An iron devil (Elf:3)
  An octopode (shapeshifter) (Depths:1)
  2 centaur zombies (D:15)
  10 elephants
  A guardian serpent (shapeshifter) (Elf:2)
  A centaur skeleton (D:14)
  A torpor snail (Lair:4)
  A spiny frog (shapeshifter) (Elf:3)
  A feature mimic (Elf:2)
  A smoke demon (Orc:2)
  8 spiny frogs
  A kobold demonologist (D:14)
  5 fire drakes
  5 komodo dragons
  A yaktaur (Depths:1)
  2 efreet
  10 two-headed ogres
  Grinder (D:6)
  A tengu conjurer (Depths:1)
  4 deep elf priests
  4 jumping spiders
  8 trolls
  Sonja (Spider:1)
  28 polar bears
  A giant leech (Lair:3)
  A hydra zombie (D:13)
  5 slime creatures (D:13)
  4 ravens
  4 basilisks
  5 trapdoor spiders
  A centaur simulacrum (D:15)
  A shadow (D:15)
  6 redbacks
  18 blink frogs
  2 tarantellas (Spider:2)
  6 water elementals
  15 deep elf fighters
  A steam dragon (D:10)
  17 deep elf magi
  A wyvern (D:13)
  13 hippogriffs
  A wraith (D:13)
  9 hogs (Lair:8)
  59 yaks
  A neqoxec (Elf:3)
  18 wargs
  2 chaos spawn
  2 hill giant skeletons
  A small abomination (Abyss:1)
  33 wolves
  6 vampire mosquitoes (D:14)
  A mottled dragon (D:15)
  12 water moccasins
  4 hell hounds (Lair:8)
  12 spiders
  7 black bears
  A griffon simulacrum (D:15)
  52 orc warriors
  24 ogres
  18 ice beasts
  16 porcupines
  A manticore zombie (D:15)
  12 centaurs
  3 phantoms
  A hill giant simulacrum (D:14)
  7 crocodiles
  2 boring beetles
  4 big kobolds
  2 troll skeletons
  13 giant frogs
  4 scorpions
  An eye of draining (D:8)
  A hippogriff skeleton (D:9)
  4 killer bees (D:14)
  23 hounds
  3 jellies
  5 crimson imps
  24 orc wizards
  A gnoll shaman (D:8)
  6 wights
  2 goliath beetles
  48 orc priests
  6 iguanas
  7 worker ants
  8 sheep (Lair:3)
  A sky beast zombie (D:5)
  3 ogre skeletons
  2 ogre zombies
  A hound zombie (D:9)
  A mummy (D:7)
  27 green rats
  A sky beast simulacrum (D:9)
  5 gnolls (D:8)
  A mottled dragon simulacrum (D:15)
  13 orc zombies
  27 adders
  5 shadow imps
  4 white imps
  3 worms
  3 ufetubi
  An orc simulacrum (Orc:3)
  2 adder skeletons
  An ooze (D:4)
  287 orcs
  16 bats
  7 giant cockroaches
  18 hobgoblins
  25 jackals
  28 kobolds
  16 quokkas
  7 ball pythons
  4 giant geckos
  A giant gecko skeleton (D:4)
  2 giant newts (D:1)
  24 goblins
  3 goblin zombies (Orc:2)
  3 orc skeletons (Orc:2)
  15 rats
  A rat zombie (D:6)
  2 spectral orcs (Lair:4)
  2 ballistomycetes (D:14)
  A fungus (Lair:2)
  2 plants (Lair:8)
1356 creatures vanquished.

Vanquished Creatures (others)
  A deep elf high priest (Elf:3)
  A rakshasa (Depths:1)
  A hydra (Lair:6)
  A hill giant (D:10)
  A raven (Depths:1)
  A hippogriff (D:14)
  A giant frog (D:15)
  A lost soul (Elf:3)
  A mottled dragon zombie (D:15)
  An ufetubus (D:15)
  2 giant spores
  A goblin (Orc:3)
  A ballistomycete (D:15)
  4 fungi
  2 plants (Lair:8)
20 creatures vanquished.

Grand Total: 1376 creatures vanquished

Notes
Turn   | Place    | Note
--------------------------------------------------------------
     0 | Abyss:1  | 4tharraofdagon, the Ogre Abyssal Knight, began the quest for the Orb.
     0 | Abyss:1  | Reached XP level 1. HP: 24/24 MP: 1/1
    30 | Abyss:1  | Noticed a small abomination
    63 | Abyss:1  | Noticed a small abomination
    64 | D:1      | Escaped the Abyss
   213 | D:1      | Acquired Lugonu's first power
   225 | D:1      | Reached XP level 2. HP: 20/32 MP: 2/2
   531 | D:2      | Found an iron altar of Okawaru.
   560 | D:2      | Acquired Lugonu's second power
   645 | D:2      | Reached XP level 3. HP: 30/40 MP: 4/4
   937 | D:2      | Found a stormy altar of Qazlal.
   938 | D:2      | Found a white marble altar of Elyvilon.
  1205 | D:3      | Reached XP level 4. HP: 45/49 MP: 5/5
  1366 | D:3      | Noticed Turgon's ghost (weakling DsGl)
  1815 | D:2      | Reached XP level 5. HP: 55/55 MP: 7/7
  1990 | D:3      | Reached skill level 5 in Fighting
  1990 | D:3      | Reached skill level 5 in Maces & Flails
  2322 | D:4      | Noticed a phantom
  2363 | D:4      | Found Cadwajang's Weapon Shop.
  2381 | D:4      | Acquired Lugonu's third power
  2539 | D:4      | Found a glowing drain.
  2546 | Sewer    | Entered a sewer
  2595 | Sewer    | Reached XP level 6. HP: 54/66 MP: 7/9
  2872 | Sewer    | Acquired Lugonu's fourth power
  3239 | D:4      | Got a dazzling spear
  3260 | D:4      | Identified the +7 spear of Quantum Leap {vamp, Noisy rElec Dex+3} (You found it on level 4 of the Dungeon)
  3278 | D:5      | Entered Level 5 of the Dungeon
  3300 | D:5      | Reached skill level 6 in Maces & Flails
  3339 | D:4      | Found a deep blue altar of Sif Muna.
  3828 | D:5      | Reached XP level 7. HP: 62/75 MP: 11/11
  3855 | D:6      | Reached skill level 1 in Axes
  3903 | D:6      | Noticed Grinder
  3914 | D:6      | Killed Grinder
  3914 | D:6      | Reached skill level 7 in Maces & Flails
  3917 | D:6      | Found a basalt altar of Yredelemnul.
  4377 | D:7      | Reached skill level 8 in Maces & Flails
  4377 | D:7      | Reached XP level 8. HP: 79/87 MP: 10/12
  4694 | D:7      | Found a shadowy altar of Dithmenos.
  4803 | D:8      | Learned a level 6 spell: Statue Form
  4965 | D:7      | Found a staircase to the Ecumenical Temple.
  4969 | D:7      | Noticed a hippogriff
  4990 | D:7      | Killed a hippogriff
  4990 | D:7      | Reached skill level 9 in Maces & Flails
  4999 | D:7      | Reached skill level 1 in Spellcasting
  4999 | D:7      | Reached skill level 1 in Earth Magic
  5011 | Temple   | Entered the Ecumenical Temple
  5231 | D:8      | Acquired Lugonu's fifth power
  5254 | D:8      | Reached skill level 1 in Transmutations
  5381 | D:8      | Reached XP level 9. HP: 91/94 MP: 15/15
  5720 | D:8      | Found a staircase to the Lair.
  5813 | D:8      | Learned a level 2 spell: Repel Missiles
  5817 | D:8      | Learned a level 3 spell: Conjure Flame
  5859 | D:9      | Reached skill level 5 in Dodging
  6023 | D:9      | Identified a +0 rod of ignition (9/9) (You found it on level 9 of the Dungeon)
  6086 | D:9      | Reached skill level 1 in Fire Magic
  6158 | D:8      | Reached skill level 1 in Conjurations
  6501 | D:9      | Found a staircase to the Orcish Mines.
  6849 | D:9      | Reached XP level 10. HP: 72/104 MP: 18/20
  6873 | D:10     | Entered Level 10 of the Dungeon
  6964 | D:10     | Noticed a hill giant
  6999 | D:10     | Killed a hill giant
  7105 | D:10     | Noticed a hill giant
  7369 | D:10     | Banished a hill giant
  7369 | D:10     | Reached skill level 10 in Maces & Flails
  7522 | D:11     | Found Irhoer's Assorted Antiques.
  7531 | D:11     | Bought a jewelled glass wand for 116 gold pieces
  7531 | D:11     | Bought a wand of disintegration for 116 gold pieces
  7531 | D:11     | Bought a potion of curing for 58 gold pieces
  7764 | D:11     | Killed an unseen horror
  7790 | D:11     | Got a crude hunting sling
  7983 | D:12     | Got a vibrating silver amulet
  7988 | D:12     | Identified the amulet "Thaof" {+Rage +Fly rF++ SInv} (You found it on level 12 of the Dungeon)
  8021 | D:12     | Reached skill level 1 in Evocations
  8089 | D:12     | Noticed a cyan ugly thing
  8274 | D:10     | Noticed an unseen horror
  8295 | D:10     | Killed an unseen horror
  8370 | D:10     | Reached XP level 11. HP: 92/113 MP: 22/22
  8379 | D:10     | Reached skill level 5 in Evocations
  8393 | D:10     | Reached skill level 5 in Invocations
  8700 | D:8      | Identified the cursed +3 hunting sling "Psoev" {freeze, rF++ MR+} (You found it on level 11 of the Dungeon)
  8719 | Lair:1   | Entered Level 1 of the Lair of Beasts
  8910 | Lair:2   | Reached skill level 5 in Spellcasting
  9013 | Lair:2   | Reached skill level 1 in Armour
  9122 | Lair:1   | Reached skill level 11 in Maces & Flails
 10046 | Lair:2   | Got a faintly glowing shield
 10054 | Lair:2   | Identified the +1 shield "Huk Lily" {rC+ Slay+2} (You found it on level 2 of the Lair of Beasts)
 10306 | Lair:4   | Noticed Nergalle
 10319 | Lair:4   | Noticed a spectral orc warlord
 10374 | Lair:4   | eh
 10394 | Lair:4   | Killed Nergalle
 10394 | Lair:4   | Reached skill level 1 in Shields
 10394 | Lair:4   | Reached XP level 12. HP: 65/123 MP: 25/25
 10444 | Lair:4   | Reached skill level 12 in Maces & Flails
 10458 | Lair:4   | Found a frozen archway.
 10548 | IceCv    | Entered an ice cave
 11122 | IceCv    | Reached skill level 13 in Maces & Flails
 11216 | IceCv    | Reached skill level 10 in Fighting
 11403 | IceCv    | Noticed a death yak
 11466 | IceCv    | Killed a death yak
 11539 | IceCv    | Reached XP level 13. HP: 123/133 MP: 25/25
 11572 | IceCv    | Reached skill level 5 in Shields
 11609 | IceCv    | Noticed a frost giant
 11673 | IceCv    | Killed a frost giant
 11673 | IceCv    | Reached skill level 14 in Maces & Flails
 11987 | Lair:4   | Identified a scroll of acquirement
 12096 | Lair:4   | Learned a level 2 spell: Blink
 12263 | Lair:4   | Found a hole to the Spider Nest.
 12330 | Lair:5   | Found a staircase to the Snake Pit.
 12474 | Lair:5   | Reached skill level 15 in Maces & Flails
 12941 | Lair:6   | Learned a level 3 spell: Regeneration
 12945 | Lair:6   | Learned a level 3 spell: Spectral Weapon
 13393 | Lair:7   | Noticed Maud
 13433 | Lair:7   | Killed Maud
 13433 | Lair:7   | Reached skill level 16 in Maces & Flails
 13433 | Lair:7   | Reached XP level 14. HP: 66/143 MP: 27/27
 13866 | Lair:7   | Found a staircase to the Slime Pits.
 14003 | Lair:8   | Entered Level 8 of the Lair of Beasts
 14492 | Lair:8   | Reached skill level 17 in Maces & Flails
 14674 | Lair:8   | Reached skill level 10 in Shields
 14674 | Lair:8   | Reached skill level 5 in Earth Magic
 15403 | Lair:4   | Got a crude cloak
 15419 | Lair:4   | Identified the +2 cloak of Toibuot {Stlth-} (You found it on level 4 of the Lair of Beasts)
 15709 | Orc:1    | Entered Level 1 of the Orcish Mines
 16060 | Orc:2    | Noticed Erica
 16278 | Orc:1    | Killed Erica
 16278 | Orc:1    | Reached skill level 5 in Transmutations
 16278 | Orc:1    | Reached XP level 15. HP: 78/149 MP: 26/29
 16595 | Orc:2    | Paralysed by an orc sorcerer for 3 turns
 16777 | Orc:3    | Noticed Josephine
 16777 | Orc:3    | Noticed Snorg
 16835 | Orc:2    | Killed Snorg
 16899 | Orc:2    | Killed Josephine
 17044 | Orc:3    | Noticed Maurice
 17068 | Orc:3    | Killed Maurice
 17231 | Orc:4    | Entered Level 4 of the Orcish Mines
 17231 | Orc:4    | Noticed Erolcha
 17239 | Orc:3    | Killed Erolcha
 17482 | Orc:4    | Found a roughly hewn altar of Beogh.
 17558 | Orc:4    | Found Ifoinola's Assorted Antiques.
 17589 | Orc:4    | Bought a twitching steel ring for 160 gold pieces
 17589 | Orc:4    | Bought 2 green potions for 57 gold pieces
 17593 | Orc:4    | Identified the ring of the Blind Eye {Str+1 Dex-5 Int+4} (You bought it in a shop on level 4 of the Orcish Mines)
 17604 | Orc:4    | Found Ghopuy's Armour Shop.
 18461 | Orc:4    | Found a staircase to the Elven Halls.
 19453 | Orc:4    | Found Klelougg's General Store.
 19461 | Orc:4    | Bought a potion of haste for 98 gold pieces
 19461 | Orc:4    | Bought a scroll of enchant weapon for 105 gold pieces
 19605 | Orc:4    | Found Thriodi Soucs' Food Boutique.
 19623 | Orc:4    | Found a roughly hewn altar of Beogh.
 21052 | D:13     | Found a gate to the Vaults.
 21064 | D:13     | Got a faintly glowing cloak
 21075 | D:13     | Identified the +2 cloak of Midsummer {Slay+5} (You found it on level 13 of the Dungeon)
 21204 | D:14     | Gained mutation: You are somewhat resistant to further mutation. [potion of mutation]
 21206 | D:14     | Gained mutation: You are dopey. (Int -2) [potion of mutation]
 21228 | D:14     | Reached XP level 16. HP: 141/158 MP: 32/32
 21617 | D:15     | Entered Level 15 of the Dungeon
 21688 | D:15     | Noticed Fannar
 21889 | D:15     | Killed Fannar
 21973 | D:15     | Reached skill level 1 in Throwing
 22085 | D:15     | Found a staircase to the Depths.
 22102 | Depths:1 | Entered Level 1 of the Depths
 22455 | Depths:1 | Noticed a tentacled monstrosity
 22472 | Depths:1 | Killed a tentacled monstrosity
 22983 | Depths:1 | Reached skill level 10 in Earth Magic
 23269 | D:15     | Reached skill level 5 in Throwing
 23723 | Elf:1    | Entered Level 1 of the Elven Halls
 23770 | Elf:1    | Found a radiant altar of Vehumet.
 24082 | Elf:2    | Found Wafaugaj's Gadget Emporium.
 24088 | Elf:2    | Wafaugaj's Gadget Emporium was a mimic.
 24331 | Abyss:1  | Got a polished greatsling
 24332 | Abyss:1  | Identified the cursed +2 greatsling "Goblinbane" {freeze, Dex+4} (You found it on level 1 of the Abyss)
 24356 | Abyss:1  | Noticed a cyan very ugly thing
 24362 | Elf:2    | Escaped the Abyss
 24508 | Elf:3    | Entered Level 3 of the Elven Halls
 24773 | Elf:3    | You hear a loud clanging noise! You hear a shout! You hear a shout! You hear a shout! (2x) You hear an angry hiss. You hear a shout! You hear a shout! You hear a shout! _You hear a shout! (4x)
 24809 | Elf:3    | Reached XP level 17. HP: 166/166 MP: 28/33
 25023 | Elf:3    | Escaped the Abyss
 25083 | Elf:3    | Cast into the Abyss (deep elf demonologist)
 25084 | Elf:3    | Escaped the Abyss
 25119 | Elf:3    | Cast into the Abyss (deep elf demonologist)
 25202 | Elf:3    | Escaped the Abyss
 25283 | Elf:3    | Noticed a deep elf blademaster
 25309 | Elf:3    | Killed a deep elf blademaster
 25315 | Elf:3    | Got an amber-studded fire dragon armour
 25359 | Elf:3    | Noticed a Hell Sentinel
 25378 | Elf:3    | Noticed a deep elf master archer
 25403 | Elf:3    | Killed a deep elf master archer
 25434 | Elf:3    | Identified the cursed -3 fire dragon armour "Maesij" {rF++ rC- Str-3 Slay+3} (You took it off a deep elf blademaster on level 3 of the Elven Halls)
 25471 | Elf:3    | Noticed a deep elf master archer
 25493 | Elf:3    | Killed a deep elf master archer
 25693 | Elf:3    | Found Qix Ibb's Antique Weapon Emporium.
 25833 | Elf:3    | Noticed a deep elf blademaster
 25868 | Elf:3    | Noticed a Brimstone Fiend
 25975 | Elf:3    | Got a sparkling steel ring
 25977 | Elf:3    | Identified the ring of Megalomania {Fire Str-4 Int+3} (You took it off a deep elf demonologist on level 3 of the Elven Halls)
 26006 | Elf:3    | Got a polished morningstar
 26009 | Elf:3    | Identified the cursed +0 morningstar "Cluiffy" {freeze, rC+ Int-2 SInv} (You found it on level 3 of the Elven Halls)
 26010 | Elf:3    | meh
 26013 | Elf:3    | Got a polished cloak
 26024 | Elf:3    | Identified the cursed +0 cloak of Courage {rC+ MR+} (You found it on level 3 of the Elven Halls)
 26179 | Elf:3    | Noticed a Shadow Fiend
 26242 | Elf:3    | Noticed Mara
 26247 | Elf:3    | Noticed 4tharraofdagon's illusion
 26810 | Temple   | Fell from the grace of Lugonu
 26810 | Temple   | Became a worshipper of Ashenzari the Shackled
 26948 | Spider:1 | Entered Level 1 of the Spider Nest
 26950 | Spider:1 | Noticed Sonja
 26973 | Spider:1 | Killed Sonja
 27018 | Spider:1 | You fall through a shaft!
 27110 | Spider:2 | Blown up by an orb spider

Action                   |  1- 3 |  4- 6 |  7- 9 | 10-12 | 13-15 | 16-18 || total
-------------------------+-------+-------+-------+-------+-------+-------++-------
Melee: Mace              |   118 |   195 |   100 |       |       |       ||   413
       Great mace        |       |     8 |       |       |       |       ||     8
       Spear             |       |    54 |       |       |       |       ||    54
       Battleaxe         |       |     5 |    10 |       |       |       ||    15
       Flail             |       |       |   246 |  1071 |  3369 |   806 ||  5492
       Eveningstar       |       |       |       |       |       |   197 ||   197
 Fire: Blowgun           |       |       |       |     6 |     5 |       ||    11
Throw: Tomahawk          |       |       |     8 |     1 |       |       ||     9
       Throwing net      |       |       |       |     7 |       |       ||     7
       Large rock        |       |       |       |       |       |    16 ||    16
 Cast: Conjure Flame     |       |       |     1 |       |    54 |    40 ||    95
       Repel Missiles    |       |       |     1 |       |     1 |     4 ||     6
       Blink             |       |       |       |       |     4 |     1 ||     5
       Statue Form       |       |       |       |       |       |    17 ||    17
       Regeneration      |       |       |       |       |       |     1 ||     1
       Spectral Weapon   |       |       |       |       |       |     1 ||     1
Invok: Depart the Abyss  |     1 |       |       |       |       |     4 ||     5
       Banish            |       |       |       |     2 |     3 |     8 ||    13
       Enter the Abyss   |       |       |       |       |       |     2 ||     2
 Abil: Evoke Teleportati |       |       |     1 |       |       |       ||     1
       Evoke Berserk Rag |       |       |       |    13 |    10 |     2 ||    25
       End Transformatio |       |       |       |       |       |    13 ||    13
Evoke: Wand              |       |     6 |    18 |    11 |     5 |     9 ||    49
       Rod               |       |       |       |     1 |     3 |     2 ||     6
       Lamp of fire      |       |       |       |       |       |     1 ||     1
       Phial of floods   |       |       |       |       |       |     1 ||     1
  Use: Scroll            |     5 |     2 |    10 |    15 |    12 |    27 ||    71
       Potion            |       |     3 |     2 |     5 |     5 |     8 ||    23
 Stab: Invisible         |       |     1 |       |     1 |       |       ||     2
       Held in net/web   |       |       |       |     5 |       |       ||     5
       Fleeing           |       |       |       |       |     1 |       ||     1
  Eat: Chunk             |     2 |    10 |    12 |    23 |    57 |    22 ||   126
       Fruit             |       |     3 |     1 |     3 |       |    12 ||    19
       Pizza             |       |     1 |       |     1 |     1 |       ||     3
       Beef jerky        |       |       |       |       |       |     7 ||     7
